[Event "Austrian Bundesliga 2023-24"]
[Site "Austria"]
[Date "2024.03.20"]
[Round "7.34"]
[White "Korpa, Bence"]
[Black "Bosiocic, Marin"]
[Result "0-1"]
[ECO "A06"]
[WhiteElo "2545"]
[BlackElo "2549"]
[Annotator "TA"]
[PlyCount "58"]
[EventDate "2023.10.21"]
[EventType "team-tourn"]
[EventCountry "AUT"]
[SourceTitle "playchess.com"]
[Source "ChessBase"]
[SourceQuality "1"]
[TimeControl "40/5400+30:1800+30"]

1. Nf3 d5 2. e3 c5 3. b3 Nc6 4. Bb2 Nf6 5. Bb5 Bd7 6. O-O a6 {[%emt 0:00:46] A06: Réti Opening: 1 Nf3 d5.} 7. Bxc6 Bxc6 8. Ne5 Rc8 9. d3 e6 10. Nd2 Be7 11. a4 O-O 12. f4 Be8 13. f5 $146 ({Predecessor:} 13. a5 Kh8 14. Qe2 Nd7 15. c4 Nb8 16. cxd5 exd5 17. e4 f6 18. Nef3 Nc6 19. Nh4 dxe4 20. dxe4 {0-1 Simagin,V-Taimanov,M URS-ch20 Final 1952 (9)}) 13... exf5 14. Rxf5 d4 15. a5 Nd5 $1 16. Nec4 Rc6 (16... Nxe3 $15 17. Nxe3 dxe3) 17. exd4 $11 Rg6 18. Qf3 Bc6 19. Ne5 Bg5 {[%emt 0:10:37] [#]} (19... Nb4 $14 20. Nxc6 bxc6) 20. Nf1 $2 (20. Nxf7 $2 Rxf7 21. Ne4 Rxf5 22. Qxf5 Be3+ 23. Kh1 Nf4 $19 (23... Bxd4 $2 24. Bxd4 cxd4 25. c3 $19) (23... cxd4 $2 24. Rf1 $19)) ({White should try} 20. Ne4 $1 $18 f6 (20... Be3+ $2 21. Kh1 $16) 21. Nxg6 hxg6 22. Rxg5 fxg5 23. Qg4) 20... cxd4 $11 21. Ba3 (21. Nxg6 hxg6 22. Rxd5 (22. Rxg5 Qxg5 23. Qg3 Qf5 $17) 22... Bxd5 $17) (21. Bxd4 Ne7 22. Nxc6 bxc6 $17) (21. Rxf7 $5 Re8 (21... Rf6 22. Nxc6 bxc6 23. Rxf6 $14) 22. Nxc6 (22. Nxg6 Nf4 $17) (22. Bxd4 $2 Rxe5 $19) 22... bxc6 23. Rf5 $17 (23. Bxd4 Bf6 $17)) 21... Be3+ (21... Re8 $5 22. Nxf7 Ne3 $11 (22... Qxa5 23. Nh6+ gxh6 24. Rf8+ Rxf8 25. Qxf8#) (22... Nf4 23. Qxc6 Ne2+ 24. Kh1 $11)) 22. Kh1 $1 Re8 $1 23. Nxf7 $2 (23. Rxf7 $11 {and White is okay.} Nf6 24. Nxc6 bxc6 25. Ra7) 23... Qc8 $19 (23... Qxa5 24. Nh6+ gxh6 25. Rf8+ Rxf8 26. Qxf8#) 24. Rxd5 ({Reject} 24. Nd6 Rxd6 25. Bxd6 Ne7 $19 (25... Nf4 $2 26. Rxf4 Bxf3 27. Rxf3 $19)) 24... Qe6 ({Don't play} 24... Rf6 25. Nd6 Rxf3 26. Nxc8 Bxd5 27. Ne7+ (27. gxf3 $2 Bxf3#) (27. Nb6 $2 Bc6 $19) 27... Rxe7 28. Bxe7 $19) 25. Nxe3 $2 (25. c4 Bxd5 (25... Qxf7 $2 26. Qxf7+ Kxf7 27. Bc5 $19) 26. cxd5 Qxf7 27. Qxf7+ Kxf7 28. Ng3) 25... dxe3 $19 26. c4 (26. Nd8 $142 Qxd5 27. Nxc6 Qxf3 (27... bxc6 $2 28. Qxd5+ cxd5 29. Bc5 $19) (27... Qxc6 $2 28. Qxc6 Rxc6 29. d4 $19) 28. gxf3 Rxc6 (28... bxc6 $2 29. Bb4 $19) 29. Re1 Rxc2 30. Bd6) 26... Bxd5 27. cxd5 Qxf7 28. Qxf7+ Kxf7 29. Re1 Rg5 0-1

[Event "Austrian Bundesliga 2023-24"]
[Site "Austria"]
[Date "2024.03.20"]
[Round "7.35"]
[White "Saric, Ante"]
[Black "Mesaros, Florian"]
[Result "1-0"]
[ECO "D38"]
[WhiteElo "2505"]
[BlackElo "2414"]
[Annotator "TA"]
[PlyCount "111"]
[EventDate "2023.10.21"]
[EventType "team-tourn"]
[EventCountry "AUT"]
[SourceTitle "playchess.com"]
[Source "ChessBase"]
[SourceQuality "1"]
[TimeControl "40/5400+30:1800+30"]

1. Nf3 d5 2. d4 Nf6 3. c4 e6 4. Nc3 Bb4 5. e3 O-O 6. Bd2 b6 7. Bd3 dxc4 8. Bxc4 Bb7 9. O-O Nbd7 10. Qe2 {[%emt 0:01:33] E52: Nimzo-Indian: Rubinstein: 4...0-0 5 Nf3 d5 6 Bd3 b6.} a6 11. Rfd1 Re8 12. a3 Bd6 13. e4 e5 (13... b5 $11) 14. d5 $14 Nf8 $146 ({Predecessor:} 14... b5 15. Ba2 Nf8 16. Rac1 Ng6 17. g3 h6 18. b4 Bc8 19. Ne1 Nh7 20. Bb3 f5 21. exf5 Bxf5 22. Ne4 Nf4 23. gxf4 {1-0 Perez,Z (1643)-De Ridder,M (1588) ZI-2015-0-02026}) 15. Rac1 Ng6 16. g3 Bc8 17. Ne1 Qd7 18. Nd3 h6 19. f3 Qe7 20. Be3 Nf8 21. Nf2 g5 (21... Bb7 $142) 22. Ng4 Kg7 23. Rf1 Ng6 24. Bd3 Qd7 25. Nxf6 Kxf6 26. Nd1 Kg7 27. Bf2 h5 28. Ne3 Qe7 (28... Qh3 $16) 29. Nf5+ $18 Bxf5 30. exf5 Nf8 31. Bxa6 Nd7 32. Bb5 Red8 33. Rfe1 Qf6 34. Bc6 Ra5 (34... Qxf5 $16 35. Bxa8 Rxa8) 35. Qd3 $18 Nb8 (35... Bc5 $142 36. b4 Bxf2+ 37. Kxf2 Ra7) 36. b4 $18 Ra7 37. Bb5 Nd7 38. Rc4 Qe7 39. Bc6 Nb8 40. Bb5 Nd7 41. h4 gxh4 42. Rxh4 Nf6 43. Bc6 Rg8 44. Qe3 Kf8 45. Kg2 Rg7 46. Reh1 (46. g4 $142) 46... Qd8 $2 (46... e4) 47. Rxh5 $18 Nxh5 48. Rxh5 Qf6 49. g4 e4 50. Qxe4 Rg8 51. Qe8+ Kg7 52. Qe4 Kf8 $1 53. Be3 Qb2+ 54. Kf1 Qe5 55. Bh6+ Ke7 56. f6+ 1-0

[Event "Austrian Bundesliga 2023-24"]
[Site "Austria"]
[Date "2024.03.20"]
[Round "7.36"]
[White "Gschnitzer, Adrian"]
[Black "Rogic, Davor"]
[Result "1-0"]
[ECO "C54"]
[WhiteElo "2423"]
[BlackElo "2418"]
[Annotator "TA"]
[PlyCount "131"]
[EventDate "2023.10.21"]
[EventType "team-tourn"]
[EventCountry "AUT"]
[SourceTitle "playchess.com"]
[Source "ChessBase"]
[SourceQuality "1"]
[TimeControl "40/5400+30:1800+30"]

1. e4 e5 2. Nf3 Nc6 3. Bc4 Bc5 4. c3 Nf6 5. d3 d6 6. O-O h6 7. Re1 O-O 8. h3 Bb6 9. a4 a5 10. Na3 Ne7 11. Nh4 c6 12. Qf3 Nh7 13. Ba2 Bc7 14. Qg3 Kh8 15. Nc4 g5 16. Nf3 f5 17. exf5 Nxf5 18. Qh2 Qf6 19. Re2 Bd7 20. Bd2 Rae8 21. Rae1 Be6 22. Bb1 Bd5 23. Nd4 Nh4 24. Ne3 Bxg2 (24... exd4 25. Nxd5 cxd5 26. Rxe8) 25. Nxg2 exd4 26. Nxh4 Rxe2 27. Ng6+ Qxg6 28. Rxe2 Qh5 29. Re1 Qf7 ({Black should try} 29... Rf3 $19 30. Qg2 Rxh3 (30... Qxh3 31. Re8+ Kg7 32. Re7+ Kg6 33. Qxh3 $18) 31. Re8+ Kg7 (31... Qxe8 $2 32. Qxh3 Kg7 33. Bc2 $19)) 30. cxd4 d5 31. Qg2 Nf6 32. Qf3 Qd7 33. Bc2 Rf7 34. Bd1 {[%emt 0:01:45] [#]} Ne4 ({Better is} 34... Ng8 $1 $15 35. Qg2 Rf8 (35... Nf6 36. Bg4 $11)) 35. Qh5 $11 Qf5 $2 {[%emt 0:01:35] [#]} (35... Nxd2 $2 36. Qxh6+ Kg8 37. Re6 $18) (35... Rxf2 $2 36. Rxe4 (36. dxe4 Rxd2 37. Qxh6+ Qh7 $11) 36... Qd6 (36... Rxd2 $2 37. Qxh6+ Kg8 38. Bg4 $18) 37. Qe8+ (37. Kxf2 Qh2+ 38. Kf3 Qg3+ 39. Ke2 Qg2+ 40. Ke3 Qg1+ 41. Ke2 Qg2+ 42. Ke3 Qg1+ 43. Ke2 Qg2+ $11) 37... Rf8 38. Qe5+ Qxe5 39. Rxe5 Bxe5 40. dxe5 $18) (35... Nxf2 $11 {and Black stays safe.} 36. Qxh6+ (36. Bxg5 $2 Nxh3+ 37. Kh1 Nxg5 $19) 36... Kg8 37. Qg6+ Kf8 38. Bb4+ (38. Qh6+ Kg8 $11) 38... axb4 39. Qh6+ Kg8 40. Qg6+ Kf8 41. Qh6+ Kg8 42. Qg6+ Kf8) 36. f4 $1 $18 Nxd2 $2 (36... Nd6 $16) 37. Qxh6+ $18 Kg8 38. Re8+ Rf8 39. Bg4 Qxg4+ (39... Qxf4 40. Be6+) (39... Nf3+ $2 40. Kf2 Rxe8 41. Bxf5) 40. hxg4 Rxe8 41. f5 ({Inferior is} 41. fxg5 Re2 $11) (41. Qxg5+ Kf7 42. Qh5+ Ke7 $16) 41... Bd8 42. Kf2 Rf8 (42... Kf7 43. Qg6+ Ke7 (43... Kf8 $2 44. f6 $18) 44. Qxg5+ Kd7 45. Qxd2 $18) 43. Qg6+ Kh8 44. Qh6+ Kg8 {[%emt 0:00:01] [#]} 45. Qe6+ $1 Kh8 ({But not} 45... Kg7 46. Qd7+ Kf6 47. Qxb7) 46. Qe1 Nb3 47. Qc3 Na1 48. Qa3 Re8 49. Qxa1 Kg7 50. Qa3 Be7 51. Qc3 Bf6 52. Kf1 Re7 53. Qd2 Kf7 54. Qh2 Kg7 55. Qh5 Rf7 56. Ke2 Kf8 57. Kd2 Ke7 58. Qh2 Kf8 59. Kc3 Kg7 60. Qd6 Kg8 61. Qc5 Bd8 62. Qa7 Rd7 63. Qb8 Kf8 64. Qe5 Rf7 65. Qh8+ Ke7 66. Qg8 1-0

[Event "Austrian Bundesliga 2023-24"]
[Site "Austria"]
[Date "2024.03.21"]
[Round "8.1"]
[White "Ragger, Markus"]
[Black "Markus, Robert"]
[Result "1/2-1/2"]
[ECO "E94"]
[WhiteElo "2605"]
[BlackElo "2595"]
[Annotator "TA"]
[PlyCount "46"]
[EventDate "2023.10.21"]
[EventType "team-tourn"]
[EventCountry "AUT"]
[SourceTitle "playchess.com"]
[Source "ChessBase"]
[SourceQuality "1"]
[TimeControl "40/5400+30:1800+30"]

1. Nf3 Nf6 2. c4 d6 3. d4 Nbd7 4. Nc3 g6 5. e4 e5 6. Be2 Bg7 7. O-O O-O 8. Be3 Qe7 9. Qc2 exd4 10. Nxd4 c6 11. Rad1 a5 {[%emt 0:03:24] Weiß steht etwas besser.} 12. Rfe1 Nc5 13. Bg5 Re8 14. Bf1 Qf8 15. f3 Nfd7 16. Qd2 a4 17. Nc2 Ra6 18. Be3 (18. Qxd6 Qxd6 19. Rxd6 f5 $16 (19... a3 20. Bc1 $11)) 18... h5 19. Nb4 (19. Qxd6 Qxd6 20. Rxd6 a3 $11) 19... Ra8 20. Nc2 ({Lieber nicht} 20. Qxd6 Qxd6 21. Rxd6 a3 $17) 20... Ra6 21. Nb4 ({Ein No Go ist} 21. Qxd6 Qxd6 22. Rxd6 a3 $15) 21... Ra8 22. Nc2 (22. Qxd6 Qxd6 23. Rxd6 a3 $19) 22... Ra6 23. Nb4 ({Natürlich nicht} 23. Qxd6 Qxd6 24. Rxd6 a3 $11) 23... Ra8 $1 {Gewichteter Fehlerwert: Weiß=0.16 (sehr präzise) /Schwarz=0.03 (makellos) .  OK:         	Weiß=2     	Schwarz=8     Stark:        	---       	Schwarz=1} 1/2-1/2

[Event "Austrian Bundesliga 2023-24"]
[Site "Austria"]
[Date "2024.03.21"]
[Round "8.2"]
[White "Horvath, Dominik"]
[Black "Handler, Lukas"]
[Result "1-0"]
[ECO "A06"]
[WhiteElo "2534"]
[BlackElo "2436"]
[Annotator "TA"]
[PlyCount "91"]
[EventDate "2023.10.21"]
[EventType "team-tourn"]
[EventCountry "AUT"]
[SourceTitle "playchess.com"]
[Source "ChessBase"]
[SourceQuality "1"]
[TimeControl "40/5400+30:1800+30"]

1. Nf3 d5 2. g3 g6 3. c4 dxc4 4. Na3 Bg7 5. Nxc4 Nc6 6. d3 e5 7. Bd2 Qe7 8. Bc3 {[%emt 0:01:35] The position is equal.} (8. Bg2 $5) 8... Nh6 9. Bg2 O-O 10. O-O Nf5 11. Rc1 Rd8 12. Nfd2 Ncd4 13. b3 c6 14. Bb2 f6 15. e3 Nb5 16. Qc2 Nbd6 17. Nxd6 Nxd6 18. d4 exd4 19. Bxd4 Be6 20. Rfd1 Qf7 21. Bb2 Rac8 22. Nf3 Bd5 23. Qc5 b6 24. Qc2 Qe8 25. Qe2 Nf7 26. Qa6 Rc7 27. Qa4 Rcd7 28. Re1 c5 29. Qh4 (29. e4 $11 Be6 30. h4) 29... f5 $17 30. Bxg7 Kxg7 31. b4 Bxf3 ({Inferior is} 31... Bxa2 32. bxc5 bxc5 33. Qa4 $16 (33. Rxc5 Bd5 $16)) 32. Bxf3 Ne5 33. Be2 Rd2 (33... c4 $1 $17 {Hoping for ...Rd2.} 34. a4 Qf8) 34. Qf4 $1 $11 (34. bxc5 $2 {loses.} Rxe2 35. Rxe2 Nf3+ 36. Kg2 Nxh4+ $19) 34... Rxe2 35. Rxe2 Nd3 36. Qc4 (36. Qc7+ $2 Rd7 37. Qc6 Nxc1 $17) 36... Nxc1 37. Qxc1 {[%emt 0:00:12][%mdl 4096] Endgame. KQR-KQR} Qb5 38. Qb2+ Kh6 $132 {[%emt 0:00:26][%mdl 2048] Black has counterplay} 39. bxc5 Qxc5 40. e4 fxe4 (40... Qc6 {simplifies} 41. Qb1 fxe4 42. Rxe4 Re8) 41. Rxe4 Rd5 $2 {[%emt 0:22:37][%mdl 8192] [#] Black cannot hold the game after this.} (41... Rd1+ $11 42. Kg2 Qd5) 42. Qf6 $1 {[%emt 0:06:48] White mates.} Rf5 43. Rh4+ Rh5 44. Rxh5+ Qxh5 45. Qf8+ Kg5 46. Qf4# {[%emt 0:00:02] Weighted Error Value: White=0.08 (flawless) /Black=0.27 (precise) .  Loses game:     	---       	Black=1      Mistake:       	White=1     	Black=1      Inaccurate:     	White=3     	Black=1      OK:         	White=16    	Black=15     Best:        	---       	Black=1      Strong:       	White=2     	---} 1-0

[Event "Austrian Bundesliga 2023-24"]
[Site "Austria"]
[Date "2024.03.21"]
[Round "8.3"]
[White "Bauer, Sebastian"]
[Black "Samunenkov, Ihor"]
[Result "0-1"]
[ECO "B48"]
[WhiteElo "2337"]
[BlackElo "2544"]
[Annotator "RC"]
[PlyCount "120"]
[EventDate "2023.10.21"]
[EventType "team-tourn"]
[EventCountry "AUT"]
[SourceTitle "playchess.com"]
[Source "ChessBase"]
[SourceQuality "1"]
[TimeControl "40/5400+30:1800+30"]

1. e4 c5 2. Nf3 e6 3. Nc3 Nc6 4. d4 cxd4 5. Nxd4 Qc7 6. Be3 a6 7. Qf3 h5 8. Nxc6 Qxc6 9. Bd3 b5 10. O-O-O Bb7 11. Kb1 b4 12. Ne2 Nf6 13. Nd4 Qc7 14. Rhe1 Be7 15. h3 h4 16. Bc1 d5 17. exd5 Bxd5 18. Qe2 Kf8 19. Nf3 Rc8 20. Ne5 Bd6 21. f4 a5 22. Ba6 Rb8 23. Bb5 Bxg2 24. Bc4 Be4 25. Bb3 Bc5 26. Qc4 Bd5 27. Qe2 Bxb3 28. axb3 g6 29. Qc4 Rc8 30. f5 gxf5 31. Bg5 Be7 32. Bxf6 Bxf6 33. Nd7+ Ke7 34. Qe2 Rcd8 35. Nxf6 Rxd1+ 36. Qxd1 Kxf6 37. Qd2 Qd8 38. Qf4 Qb8 39. Qd4+ e5 40. Qc5 Rc8 41. Qf2 Ke6 42. Rf1 f4 43. Qxh4 Rg8 44. Qe1 Kf6 45. Qh4+ Rg5 46. Rd1 Kg6 47. Rd5 Qc8 48. Rd6+ f6 49. Qf2 Qc7 50. Qd2 f3 51. h4 Rf5 52. Rd7 Qc5 53. Qh2 f2 54. Qg2+ Kh6 55. Qg7+ Kh5 56. Qh7+ Kg4 57. Qg6+ Kf4 58. Qg2 Qe3 59. Rg7 Qe2 60. Ka2 f1=Q 0-1

[Event "Austrian Bundesliga 2023-24"]
[Site "Austria"]
[Date "2024.03.21"]
[Round "8.4"]
[White "Korpa, Bence"]
[Black "Halvax, Georg"]
[Result "1-0"]
[ECO "B22"]
[WhiteElo "2545"]
[BlackElo "2452"]
[Annotator "TA"]
[PlyCount "91"]
[EventDate "2023.10.21"]
[EventType "team-tourn"]
[EventCountry "AUT"]
[SourceTitle "playchess.com"]
[Source "ChessBase"]
[SourceQuality "1"]
[TimeControl "40/5400+30:1800+30"]

1. e4 c5 2. c3 d5 3. exd5 Qxd5 4. d4 Nc6 5. Nf3 Bg4 6. dxc5 Qxd1+ 7. Kxd1 O-O-O+ 8. Bd2 Nf6 9. Kc1 e5 {[%emt 0:02:32][%cal Of6e4,Be7e5,Be5e4][%mdl 32] Die Stellung ist ausgeglichen.} 10. b4 e4 11. h3 (11. Ng5 {hält die Spannung aufrecht.} Ne5 12. Na3 h6 13. f4) 11... Bh5 ({Natürlich nicht} 11... exf3 $6 12. hxg4 a5 (12... Nxg4 13. gxf3 Nf6 14. Bg5 $18) 13. gxf3 $16) (11... Bxf3 $11 12. gxf3 exf3) 12. Nh4 $16 Ne5 13. Na3 Nd3+ 14. Bxd3 Rxd3 15. Nc4 e3 16. fxe3 ({Jedoch nicht} 16. Nxe3 Ne4) 16... Ne4 17. Kc2 Rd7 {[%emt 0:06:25] [#]} 18. g4 $1 Be7 19. gxh5 Bxh4 20. Rhd1 (20. Be1 $18 Bf6 21. h6) 20... Rhd8 21. Be1 Rxd1 22. Rxd1 Rxd1 23. Kxd1 Bxe1 24. Kxe1 Nxc3 {[%emt 0:00:04][%mdl 4096] Endspiel. KN-KN} 25. a3 Ne4 (25... Kb8 $16 {war nötig.} 26. Nd6 Nb1) 26. Ke2 $18 Kd7 27. Kf3 Ng5+ 28. Kg4 f6 29. Nd6 {[%emt 0:00:27] Verhindert Ne4} b6 30. h4 Ne6 31. Ne4 Ke7 32. cxb6 axb6 33. Nc3 Nc7 34. a4 Ke6 35. a5 bxa5 36. bxa5 Ke5 37. Kf3 Na6 38. Ne4 Nc7 39. Ng3 {[%emt 0:00:43][%cal Oh5h6] Droht h6! und aus.} g6 $2 (39... f5 40. Ne2 Kf6) 40. h6 Na6 (40... f5 $142 41. Ne2 Kf6) 41. Ne2 Nc5 42. Nf4 Kf5 {[%emt 0:09:37] [#]} 43. e4+ $1 Nxe4 (43... Ke5 44. Nd3+) 44. a6 {[%emt 0:00:09] Weiß setzt Matt.} Nd2+ 45. Ke2 Nc4 46. Nd5 {[%emt 0:00:14] Gewichteter Fehlerwert: Weiß=0.05 (makellos) /Schwarz=0.38.  Fehler:       	Weiß=1     	Schwarz=4     Ungenau:       	---       	Schwarz=3     OK:         	Weiß=17    	Schwarz=13    Bester:       	Weiß=4     	Schwarz=3} 1-0

[Event "Austrian Bundesliga 2023-24"]
[Site "Austria"]
[Date "2024.03.21"]
[Round "8.5"]
[White "Kreisl, Robert"]
[Black "Mesaros, Florian"]
[Result "1/2-1/2"]
[ECO "D38"]
[WhiteElo "2260"]
[BlackElo "2414"]
[Annotator "TA"]
[PlyCount "43"]
[EventDate "2023.10.21"]
[EventType "team-tourn"]
[EventCountry "AUT"]
[SourceTitle "playchess.com"]
[Source "ChessBase"]
[SourceQuality "1"]
[TimeControl "40/5400+30:1800+30"]

1. d4 d5 2. c4 e6 3. Nf3 Nf6 4. Nc3 Bb4 5. Bg5 h6 6. Bxf6 Qxf6 7. Qa4+ Nc6 8. e3 Bd7 9. Qb3 dxc4 10. Qxc4 O-O {[%emt 0:06:45] The position is equal.} 11. Be2 a6 12. O-O Bd6 {[%emt 0:02:29] Wards off Ne5} 13. Ne4 Qe7 14. Rac1 Rac8 15. Nc5 Rb8 16. Rfd1 Rfd8 17. Ne4 Rdc8 18. Nc5 Be8 19. Ne4 Bd7 20. Nc5 (20. Qb3 $14 {is superior.}) 20... Be8 21. Ne4 Bd7 22. Nc5 {Weighted Error Value: White=0.16 (very precise) /Black=0.11 (very precise) .  Mistake:       	White=1     	---        Inaccurate:     	White=4     	Black=2      OK:         	White=2     	Black=5} 1/2-1/2

[Event "Austrian Bundesliga 2023-24"]
[Site "Austria"]
[Date "2024.03.21"]
[Round "8.6"]
[White "Gschnitzer, Adrian"]
[Black "Hartl, Daniel"]
[Result "1-0"]
[ECO "C55"]
[WhiteElo "2423"]
[BlackElo "2248"]
[Annotator "TA"]
[PlyCount "81"]
[EventDate "2023.10.21"]
[EventType "team-tourn"]
[EventCountry "AUT"]
[SourceTitle "playchess.com"]
[Source "ChessBase"]
[SourceQuality "1"]
[TimeControl "40/5400+30:1800+30"]

1. e4 e5 2. Nf3 Nc6 3. Bc4 Nf6 4. d3 Be7 5. O-O O-O 6. Re1 d6 7. a4 Na5 8. Ba2 c5 9. c3 Nc6 10. Na3 {[%emt 0:00:15] White is slightly better.} a6 11. Bd2 Rb8 12. Nc4 Be6 13. b4 b5 14. axb5 axb5 {[%emt 0:00:05] [#]} 15. Na5 Nxa5 16. Bxe6 ({Reject} 16. bxa5 Bxa2 17. Rxa2 Ra8 $15) 16... fxe6 17. Rxa5 cxb4 18. cxb4 Qd7 19. Qb3 Bd8 20. Ra6 Bb6 21. h3 h6 22. Qa2 Rfc8 23. Be3 Bxe3 24. Rxe3 Rc1+ 25. Kh2 Rbc8 {[%emt 0:00:12] Hoping for ...R8c2.} 26. Rb6 (26. Ra7 $11 {is more appropriate.} R1c7 27. Rxc7 Rxc7 28. Re2) 26... R1c2 (26... Kh7 $1 $15 {deserves consideration.} 27. Re2 (27. Qa6 $2 Qf7 $19) 27... Qf7) 27. Qa6 $11 R8c6 28. Qxb5 Rxb6 29. Qxb6 Rxf2 30. Re1 Rc2 31. Ra1 Rc6 32. Ra8+ Kh7 33. Qb8 Qc7 $2 {[%emt 0:01:32][%mdl 8192] Black cannot hold the game after this.} (33... Qf7 $11) 34. Qh8+ {[%emt 0:01:43] White is clearly winning.} Kg6 35. Nh4+ Kg5 {[%emt 0:00:37] [#]} 36. Rc8 $3 Kxh4 37. Rxc7 Rxc7 38. Qd8 Rd7 39. Qc8 d5 40. b5 (40. Qb8 $142 Kh5 41. Qxe5+ Kg6 42. Qxe6 dxe4 43. dxe4) 40... dxe4 $18 41. dxe4 {[%emt 0:00:59] Weighted Error Value: White=0.09 (flawless) /Black=0.25 (precise) .  Loses game:     	---       	Black=1      Mistake:       	White=1     	Black=1      Inaccurate:     	White=1     	---        OK:         	White=8     	Black=11     Best:        	White=2     	Black=4      Brilliant:      	White=1     	---} 1-0

[Event "Austrian Bundesliga 2023-24"]
[Site "Austria"]
[Date "2024.03.21"]
[Round "8.7"]
[White "Dragnev, Valentin"]
[Black "Brkic, Ante"]
[Result "0-1"]
[ECO "B95"]
[WhiteElo "2575"]
[BlackElo "2633"]
[Annotator "TA"]
[PlyCount "68"]
[EventDate "2023.10.21"]
[EventType "team-tourn"]
[EventCountry "AUT"]
[SourceTitle "playchess.com"]
[Source "ChessBase"]
[SourceQuality "1"]
[TimeControl "40/5400+30:1800+30"]

1. e4 c5 2. Nf3 d6 3. d4 cxd4 4. Nxd4 Nf6 5. Nc3 a6 6. Bg5 e6 7. Qf3 h6 8. Bd2 Qb6 9. Nb3 Qc7 {[%emt 0:00:26] White has an edge.} 10. a4 Bd7 11. Be2 Bc6 12. O-O Nbd7 13. Nd4 Be7 14. b4 Ne5 15. Qg3 (15. Qf4 $11) 15... Bxe4 $17 16. f3 (16. Qxg7 $2 O-O-O 17. g3 d5 18. Nxe4 Nxe4 19. Nxe6 fxe6 $19) (16. Nxe4 $2 Nxe4 17. Qe3 d5 $19) 16... Bg6 17. Nxe6 fxe6 18. f4 {[%emt 0:00:23] [#]} Bf5 $1 19. fxe5 dxe5 20. Kh1 Bd6 (20... Bxc2 $2 21. Rac1 $18 (21. Qxg7 O-O-O $15)) (20... Bxb4 21. Nb5 axb5 22. Bxb5+ (22. Bxb4 Kf7 $11) 22... Kf7 23. Bxb4 $15) (20... Rd8 $19 21. Qe1 (21. Qxg7 $2 Rh7 $19) 21... Rxd2 (21... Bxb4 22. Nb5 $15) 22. Qxd2 O-O (22... Bxb4 $2 23. Nb5 $19)) 21. Rxf5 $1 $15 exf5 22. Qg6+ Qf7 23. Qxf5 O-O (23... Bxb4 $6 24. Nb5 O-O 25. Bxb4 axb5 26. Bxf8 Qxf8 27. Bxb5 $11) 24. Ne4 Qd5 25. Bd3 Nxe4 26. Bxe4 Qxd2 (26... Rxf5 {simplifies} 27. Bxd5+ Kf8 28. Bxb7 Rb8) 27. Qe6+ Kh8 28. Qg6 Kg8 (28... Bxb4 29. Qh7#) 29. Qe6+ $1 Rf7 (29... Kh8 30. Qg6 Kg8 (30... Bxb4 31. Qh7#) 31. Qe6+) 30. Rf1 (30. Bg6 $1 $11 {remains equal.}) 30... Raf8 $1 $17 {[%emt 0:00:47][%cal Og8h8] ( -> ...Kh8!)} 31. Bg6 {[%emt 0:00:14][%cal Rf1f7] [#]} Kh8 $1 32. Bxf7 Qxb4 33. h3 (33. Qc4 $1 $15) 33... Bc7 ({Better is} 33... e4 $1 $17 {[%cal Ob4d4] Strongly threatening ...Qd4!} 34. c3 Qa3) 34. Rd1 $2 {[%emt 0:02:23][%mdl 8192] [#] Wards off Qd4} (34. Qd7 $15 Qd6 35. Qxd6 Bxd6 36. g4) 34... Qf4 $1 {[%emt 0:00:19] Weighted Error Value: White=0.37/Black=0.16 (very precise) .  Loses game:     	White=1     	---        Mistake:       	White=3     	Black=2      Inaccurate:     	White=2     	Black=1      OK:         	White=9     	Black=8      Best:        	White=4     	Black=2      Strong:       	White=2     	Black=3} ({Weaker is} 34... Qxa4 35. Qe7 Rc8 36. Be6 $15) 0-1

[Event "Austrian Bundesliga 2023-24"]
[Site "Austria"]
[Date "2024.03.21"]
[Round "8.8"]
[White "Martinovic, Sasa"]
[Black "Blohberger, Felix"]
[Result "1-0"]
[ECO "E12"]
[WhiteElo "2558"]
[BlackElo "2531"]
[Annotator "RC"]
[PlyCount "77"]
[EventDate "2023.10.21"]
[EventType "team-tourn"]
[EventCountry "AUT"]
[SourceTitle "playchess.com"]
[Source "ChessBase"]
[SourceQuality "1"]
[TimeControl "40/5400+30:1800+30"]

1. d4 Nf6 2. c4 e6 3. Nf3 b6 4. a3 Bb7 5. Nc3 Ne4 6. Nxe4 Bxe4 7. Bf4 d6 8. e3 Be7 9. Bd3 Bxd3 10. Qxd3 Nd7 11. Rd1 O-O 12. e4 c6 13. O-O a6 14. e5 d5 15. Rc1 dxc4 16. Rxc4 c5 17. Rc2 b5 18. dxc5 Nxc5 19. Qe3 Qd5 20. Bg5 f6 21. exf6 gxf6 22. Bh6 Rfd8 23. b4 Ne4 24. Rc7 Kf7 25. Re1 Nd6 26. Rc5 Qa2 27. Nd4 e5 28. Qd3 e4 29. Qh3 Nb7 30. Qh5+ Kg8 31. Qg4+ Kf7 32. Qg7+ Ke8 33. Rc7 Rd7 34. Qh8+ Kf7 35. Qg7+ Ke8 36. Qh8+ Kf7 37. Qxh7+ Ke8 38. Qg6+ Kd8 39. Rxd7+ 1-0

[Event "Austrian Bundesliga 2023-24"]
[Site "Austria"]
[Date "2024.03.21"]
[Round "8.9"]
[White "Peyrer, Konstantin"]
[Black "Livaic, Leon"]
[Result "1/2-1/2"]
[ECO "A41"]
[WhiteElo "2434"]
[BlackElo "2558"]
[Annotator "TA"]
[PlyCount "59"]
[EventDate "2023.10.21"]
[EventType "team-tourn"]
[EventCountry "AUT"]
[SourceTitle "playchess.com"]
[Source "ChessBase"]
[SourceQuality "1"]
[TimeControl "40/5400+30:1800+30"]

1. d4 d6 2. c4 e5 3. Nf3 e4 4. Nfd2 f5 5. Nc3 Nf6 6. e3 c5 7. Be2 Nc6 8. b3 g6 9. Bb2 ({Better is} 9. Ndb1 $11) 9... Bg7 (9... cxd4 $15 10. exd4 Bg7) 10. O-O O-O 11. dxc5 dxc5 12. f3 Bh6 13. Nd5 (13. f4 {simplifies} Bg7 14. a3 Qe7 15. Qc2) 13... Nxd5 14. cxd5 Bxe3+ 15. Kh1 Bd4 (15... Qxd5 $2 16. Bc4 $18) 16. Bxd4 Nxd4 17. fxe4 b6 18. Bc4 {[%emt 0:07:45] aiming for Nf3.} b5 19. Bd3 Bb7 20. Rc1 Rc8 21. Qe1 Qd6 (21... fxe4 $15 22. Nxe4 Qxd5 23. Rxf8+ Rxf8 24. Rxc5 Qf7) 22. Qh4 Rc7 23. Nf3 Nxf3 24. Rxf3 fxe4 25. Bxe4 Rcf7 (25... Bxd5 $2 {perishes.} 26. Rd1 $18) 26. Qf2 Qe5 27. Re1 {[%emt 0:01:40][%cal Oe4g6] Hoping for Bxg6!} Qd6 28. Rc1 Qe5 29. Re1 {[%emt 0:00:10][%cal Oe4g6] Bxg6! is the strong threat.} Qd6 30. Rc1 {Weighted Error Value: White=0.15 (very precise) /Black=0.15 (very precise) .  Mistake:       	White=1     	Black=2      Inaccurate:     	White=5     	Black=2      OK:         	White=5     	Black=8      Best:        	White=1     	Black=1} 1/2-1/2